 Dungeon Crawl Stone Soup version 0.21-a0-531-gacddea6 (webtiles) character file.

112 slep the Chopper (level 4, 0/23 HPs)
             Began as a Vine Stalker Gladiator on Dec 14, 2017.
             Was an Initiate of Okawaru.
             Slain by a gnoll
             ... wielding a +0 club
              (4 damage)
             ... on level 2 of the Dungeon.
             The game lasted 00:05:20 (1926 turns).

slep the Chopper (Vine Stalker Gladiator)           Turns: 1926, Time: 00:05:21

Health: 0/23       AC:  6    Str: 17    XL:     4   Next: 95%
Magic:  0/5        EV: 12    Int:  8    God:    Okawaru [......]
Gold:   146        SH:  0    Dex: 16    Spells: 3/3 levels left

rFire    . . .     SeeInvis .   a - +0 war axe
rCold    + . .     Gourm    .   (no shield)
rNeg     . . .     Faith    .   r - +0 ring mail {rC+}
rPois    .         Spirit   +   c - +0 helmet
rElec    .         Reflect  .   (no cloak)
rCorr    +         Harm     .   (no gloves)
MR       .....                  (no boots)
Stlth    +.........             (no amulet)
HPRegen  0.47/turn              l - ring of resist corrosion
MPRegen  0.09/turn              (no ring)

@: no status effects
A: fangs 2, regeneration 1, magic shield, antimagic bite, no potion heal 3, rot
immunity
a: Renounce Religion


You were on level 2 of the Dungeon.
You worshipped Okawaru.
Okawaru was noncommittal.
You were not hungry.

You visited 1 branch of the dungeon, and saw 3 of its levels.

You collected 146 gold pieces.

Inventory:

Hand Weapons
 a - a +0 war axe (weapon)
Missiles
 d - 3 throwing nets (quivered)
Armour
 b - a +0 leather armour
 c - a +0 helmet (worn)
 r - a +0 ring mail of cold resistance (worn)
Jewellery
 l - a ring of resist corrosion (left hand)
Scrolls
 e - 3 scrolls of identify {unknown}
 g - a scroll of enchant weapon {unknown}
 j - a scroll of teleportation {unknown}
 k - a scroll of remove curse {unknown}
 s - a scroll of immolation {unknown}
 t - a scroll of amnesia {unknown}
Potions
 m - a potion of curing {unknown}
 n - 2 potions of haste {unknown}
 o - a potion of magic {unknown}
 p - a potion of flight {unknown}
 q - 2 potions of mutation {unknown}
 u - a potion of invisibility {unknown}
 v - 2 potions of lignification {unknown}
Comestibles
 f - 3 bread rations
 h - a fruit
 i - a meat ration
 w - 3 chunks of flesh


   Skills:
 + Level 2.0 Fighting
 + Level 3.8 Axes
 + Level 1.8 Throwing
 + Level 0.6 Armour
 + Level 3.3 Dodging
 + Level 0.4 Stealth


You had 3 spell levels left.
You didn't know any spells.

Dungeon Overview and Level Annotations

Branches:
Dungeon (3/15)

Altars:
Nemelex Xobeh
Okawaru
Yredelemnul


Innate Abilities, Weirdness & Mutations

You have extremely sharp teeth.
Your natural rate of healing is unusually fast.
When hurt, damage is shared between your health and your magic reserves.
Your bite disrupts and absorbs the magic of your enemies.
Potions cannot restore your health.
You are immune to rotting.


Message History

The gnoll hits you with a club. The gnoll hits you with a spear.
* * * LOW HITPOINT WARNING * * *
The gnoll hits you but does no damage.
You hit the gnoll. Your bite misses the gnoll.
The gnoll is heavily wounded.
You hit the gnoll. You slash the gnoll! You barely miss the gnoll.
The gnoll hits you but does no damage. x2; The gnoll closely misses you.
The gnoll misses you.
You slash the gnoll!
You kill the gnoll!
Okawaru accepts your kill.
You hit the gnoll. You hit the gnoll but do no damage. You hit the gnoll.
The gnoll hits you with a spear.
* * * LOW HITPOINT WARNING * * *
The gnoll misses you. The gnoll barely misses you.
You closely miss the gnoll. You bite the gnoll, but do no damage.
The gnoll is heavily wounded.
You completely miss the gnoll. You barely miss the gnoll.
The gnoll barely misses you. The gnoll hits you with a club.
You die...

...†....#†...............####.#
.#.)....#.##.##.#####.........#
......#.#.##.##.# ###########
#########.##.##+########
....<.....>..#.........#
#########.####.........#
#.#............#
#.#.##...g.....# #######
#)#.##.g@).....#
......###.......g.######
.......).......####
.......#.[.....#
.......#.#.....#
.......#.#.....#
.......#.#.....#
######.#.#.....#
###......#.....#


You could see 3 gnolls.

Vanquished Creatures
  4 adders
  2 gnolls
  A worm (D:2)
  A dart slug (D:1)
  2 leopard geckos
  7 bats
  3 giant cockroaches
  10 goblins
  5 hobgoblins
  4 frilled lizards
  A jackal skeleton (D:2)
  4 kobolds
  8 rats
52 creatures vanquished.

Notes
Turn   | Place    | Note
-------+----------+-------------------------------------------
     0 | D:1      | slep the Vine Stalker Gladiator began the quest for the Orb.
     0 | D:1      | Reached XP level 1. HP: 11/11 MP: 2/2
   123 | D:1      | Reached XP level 2. HP: 14/15 MP: 3/3
   305 | D:1      | Reached XP level 3. HP: 13/18 MP: 4/4
   325 | D:1      | Found a sparkling altar of Nemelex Xobeh.
   757 | D:2      | Found a basalt altar of Yredelemnul.
  1311 | D:2      | Gained mutation: Your natural rate of healing is unusually fast. [Vine Stalker growth]
  1311 | D:2      | Reached XP level 4. HP: 22/23 MP: 5/5
  1610 | D:2      | Found an iron altar of Okawaru.
  1617 | D:2      | Became a worshipper of Warmaster Okawaru
  1926 | D:2      | Slain by a gnoll

Vault maps used:
D:1:      kilobyte_arrival_exit_the_forest, grunt_decor_mini_mirrors,
          nemelex_altar_shiori
D:2:      old_standard_altar, first_bread, okawaru_trees_1
D:3:      grunt_qazlal_sundering

Skill      XL: |  1  2  3  4 |
---------------+-------------+-----
Dodging        | 3 |  3.3
Axes           | 3 |  3.8
Fighting       | 2 |  2.0
Throwing       | |  1.8
Armour         | |  0.6
Stealth        | |  0.4

Action                   |  1- 3 |  4- 6 || total
-------------------------+-------+-------++-------
Melee: War axe           |    63 |    66 ||   129
       Bite              |    15 |    24 ||    39
 Stab: Sleeping          |     2 |       ||     2
  Eat: Chunk             |     1 |     2 ||     3
Armor: Leather armour    |     7 |       ||     7
       Ring mail         |    16 |    38 ||    54
Dodge: Dodged            |    52 |    60 ||   112

Table legend:
 A = Spawn XP
 B = Non-spawn XP
 C = Spawn XP percentage of total XP
 D = Spawn monster count
 E = Non-spawn monster count
 F = Spawn count percentage of total count
 G = Total turns spent on level
                    A         B        C        D         E        F      G
               +---------+---------+-------+---------+---------+-------+---------
         Total |       0 |     161 |   0.0 |       0 |      52 |   0.0 |  1926
               +---------+---------+-------+---------+---------+-------+---------
           D:1 |       0 |      38 |   0.0 |       0 |      14 |   0.0 |   720
           D:2 |       0 |      98 |   0.0 |       0 |      31 |   0.0 |   748
           D:3 |       0 |      25 |   0.0 |       0 |       7 |   0.0 |   458
               +---------+---------+-------+---------+---------+-------+---------
